 Dungeon Crawl Stone Soup version 0.23.2-33-g5129a83184 (webtiles) character file.

Game seed: 1952482176165647653

144 AarnesTheHuman the Skirmisher (level 5, -2/43 HPs)
             Began as a Barachi Fighter on Aug 7, 2019.
             Killed from afar by an orc wizard (10 damage)
             ... with a magic dart
             ... on level 3 of the Dungeon.
             The game lasted 00:03:10 (1722 turns).

AarnesTheHuman the Skirmisher (Barachi Fighter)     Turns: 1722, Time: 00:03:10

Health: -2/43      AC: 12    Str: 18    XL:     5   Next: 27%
Magic:  5/5        EV:  3    Int:  9    God:
Gold:   77         SH:  9    Dex: 11    Spells: 4/4 levels left

rFire    . . .     SeeInvis .   a - +0 long sword
rCold    . . .     Gourm    .   c - +0 shield
rNeg     . . .     Faith    .   l - +0 plate armour
rPois    .         Spirit   .   (no helmet)
rElec    .         Reflect  .   (no cloak)
rCorr    .         Harm     .   (no gloves)
MR       .....                  (no boots)
Stlth    ..........             (no amulet)
HPRegen  0.14/turn              (no ring)
MPRegen  0.09/turn              (no ring)

@: slow
A: +LOS, swims, slowness 1, strong legs 1
a: Hop


You were on level 3 of the Dungeon.
You were not hungry.

You visited 1 branch of the dungeon, and saw 3 of its levels.

You collected 77 gold pieces.

Inventory:

Hand Weapons
 a - a +0 long sword (weapon)
Armour
 b - a +0 scale mail
 c - a +0 shield (worn)
 l - a +0 plate armour (worn)
 p - a +0 pair of boots
 s - a +0 helmet
Scrolls
 e - a scroll of fog {unknown}
 i - 2 scrolls of remove curse {unknown}
 j - 4 scrolls of identify {unknown}
 k - a scroll of enchant armour {unknown}
 m - 3 scrolls of teleportation {unknown}
 u - a scroll of magic mapping {unknown}
 v - a scroll of noise {unknown}
Potions
 d - 2 potions of might
 g - a potion of magic {unknown}
 h - a potion of heal wounds {unknown}
 n - a potion of agility {unknown}
 q - a potion of curing {unknown}
 r - 2 potions of resistance {unknown}
 t - a potion of flight {unknown}
 w - a potion of berserk rage {unknown}
Comestibles
 f - 6 rations
 o - 8 chunks of flesh


   Skills:
 + Level 4.6 Fighting
 + Level 3.8 Long Blades
 + Level 4.6 Armour
 + Level 4.2 Shields


You had 4 spell levels left.
You didn't know any spells.
Your spell library was empty.

Dungeon Overview and Level Annotations

Branches:
Dungeon (3/15)

Altars:
Okawaru
Trog


Innate Abilities, Weirdness & Mutations

Shadows flee at your approach. (+LOS)
You can swim through water.
You cover ground slowly.
You can hop short distances.


Message History

You block the orc wizard's attack.
The orc wizard gestures at you while chanting.
The puff of frost hits you.
You closely miss the orc wizard.
The orc wizard is almost dead.
The orc wizard hits you but does no damage. x2
You closely miss the orc wizard.
The orc wizard is almost dead.
The orc wizard points at you and mumbles some strange words.
The puff of flame misses you.
You closely miss the orc wizard.
The orc wizard is almost dead.
The orc wizard gestures at you while chanting.
The puff of frost hits you. The orc wizard casts a spell at you.
The puff of frost hits you!
* * * LOW HITPOINT WARNING * * *
The orc wizard points at you and mumbles some strange words.
The magic dart hits you!
You die...

.......## #......#
.....#.# #......# ##
..#..#.# #......#...
..#..#.# ##.........
..#..#.# ........
#.#..#)# #.oo..##.#
#.#..#.# #o{b.....#
#.#..#.# #o#
#.#..#.#########@#####.#
#.#..#...................
##############.#####.#.
..# ###


You could see an orc wizard, 3 orcs and a bat.

Vanquished Creatures
  A crimson imp (D:3)
  3 gnolls (D:3)
  2 adders
  2 oozes
  A dart slug (D:2)
  7 orcs (D:3)
  2 bats (D:3)
  2 giant cockroaches
  7 goblins
  6 hobgoblins
  5 kobolds
  2 quokkas (D:3)
  A ball python (D:3)
  A frilled lizard (D:3)
  5 rats
47 creatures vanquished.

Notes
Turn   | Place    | Note
-------+----------+-------------------------------------------
     0 | D:1      | AarnesTheHuman the Barachi Fighter began the quest for the
                  | Orb.
     0 | D:1      | Reached XP level 1. HP: 18/18 MP: 1/1
    20 | D:1      | You fall through a shaft!
   198 | D:1      | Reached XP level 2. HP: 18/25 MP: 2/2
   650 | D:2      | Reached XP level 3. HP: 26/30 MP: 3/3
  1025 | D:2      | Found an iron altar of Okawaru.
  1025 | D:2      | Found a bloodstained altar of Trog.
  1361 | D:3      | Reached XP level 4. HP: 37/37 MP: 4/4
  1666 | D:3      | Reached XP level 5. HP: 40/43 MP: 5/5
  1722 | D:3      | Killed from afar by an orc wizard

Skill      XL: |  1  2  3  4 |
---------------+-------------+-----
Fighting       | 4 |  4.6
Long Blades    | 3 |  3.8
Armour         | 4 |  4.6
Shields        | 4 |  4.2

Action                   |  1- 3 |  4- 6 || total
-------------------------+-------+-------++-------
Melee: Long sword        |   137 |    96 ||   233
  Eat: Chunk             |     2 |     2 ||     4
Armor: Scale mail        |    12 |       ||    12
       Plate armour      |    62 |    67 ||   129
Dodge: Dodged            |    20 |    11 ||    31
Block: Shield            |    74 |    45 ||   119
       Rpst.: Long sword |     3 |     5 ||     8
